 Dungeon Crawl Stone Soup version 0.30-a0-304-gdc4b735fe1 (webtiles) character file.

Game seed: 10958699639147025013

10528 KennySheep the Destroyer (level 11, 0/91 HPs)
             Began as a Demigod Conjurer on Oct 20, 2022.
             Slain by Lodul
             ... wielding a +0 dire flail
              (22 damage)
             ... on level 10 of the Dungeon.
             The game lasted 00:31:56 (10988 turns).

KennySheep the Destroyer (Demigod Conjurer)        Turns: 10988, Time: 00:31:57

Health: 0/91       AC:  9    Str: 15    XL:     11   Next: 15%
Magic:  2/29       EV: 14    Int: 35    God:
Gold:   532        SH:  0    Dex: 13    Spells: 12/26 levels left

rFire   . . .      SeeInvis .    n - +10 whip of Ravage {elec, Will+ Str+4 Dex+3 Stlth+}
rCold   . . .      Faith    .    (no shield)
rNeg    . . .      Spirit   .    F - +2 robe {Archmagi}
rPois   .          Reflect  .    P - +0 helmet
rElec   .          Harm     .    A - +0 cloak
rCorr   .          Rampage  .    D - +0 pair of gloves
Will    ++...      Archmagi +    i - +1 pair of boots
Stlth   +++.......               (no amulet)
HPRegen 0.35/turn                (no ring)
MPRegen 0.21/turn                (no ring)

@: no status effects
A: high MP 2, forlorn, divine attributes, clever 1, strong 1
a: no special abilities


You were on level 10 of the Dungeon.
You visited 1 branch of the dungeon, and saw 10 of its levels.
You also visited: Sewer and Bailey.

You collected 607 gold pieces.
You spent 75 gold pieces at shops.

Inventory:

Hand Weapons
 n - the +10 whip of Ravage (weapon) {elec, Will+ Str+4 Dex+3 Stlth+}
   (You found it on level 2 of the Dungeon)

   It occasionally discharges a powerful burst of electricity upon striking a
   foe.
   Str:       It affects your strength (+4).
   Dex:       It affects your dexterity (+3).
   Will:      It increases your willpower.
   Stlth:     It makes you more stealthy.
 E - a +0 scimitar of flaming
 H - a -2 vorpal demon whip
Armour
 i - a +1 pair of boots (worn)
 w - a +1 robe of fire resistance
 A - a +0 cloak (worn)
 D - a +0 pair of gloves (worn)
 F - a +2 robe of the Archmagi (worn)
 P - a +0 helmet (worn)
Jewellery
 M - the ring of Weuh Jut {Fly rC++ Will-}
   (You found it in a bailey)

   [ring of flight]

   rC:        It greatly protects you from cold.
   Fly:       It grants you flight.
   Will:      It decreases your willpower.
 N - the amulet of Tiepsif {Spirit rPois}
   (You found it in a bailey)

   [amulet of guardian spirit]

   It causes incoming damage to be divided between your reserves of health and
   magic.
   rPois:     It protects you from poison.
Wands
 o - a wand of flame (26)
 z - a wand of polymorph (18)
 G - a wand of iceblast (11)
 L - a wand of mindburst (7)
Scrolls
 a - a scroll of enchant armour
 c - 3 scrolls of teleportation
 f - 4 scrolls of blinking
 g - 4 scrolls of butterflies
 j - a scroll of summoning
 l - a scroll of amnesia
 m - 2 scrolls of vulnerability
 v - 3 scrolls of magic mapping
 x - a scroll of poison
 y - a scroll of torment
 C - a scroll of silence
 J - a scroll of identify
 K - a scroll of fear
 O - a scroll of brand weapon
Potions
 b - 2 potions of magic
 d - a potion of berserk rage
 e - 4 potions of curing
 h - a potion of lignification
 k - 4 potions of heal wounds
 p - a potion of invisibility
 q - a potion of might
 r - 2 potions of mutation
 s - 2 potions of brilliance
 t - a potion of degeneration {unknown}
 B - a potion of haste {unknown}
Miscellaneous
 u - a tin of tremorstones (2/2)
 I - a phial of floods


   Skills:
 + Level 6.5 Fighting
 + Level 5.2 Dodging
 - Level 1.7 Stealth
 * Level 8.1 Spellcasting
 * Level 10.5 Conjurations
 - Level 2.1 Hexes
 - Level 5.3 Translocations


You had 12 spell levels left.
You knew the following spells:

 Your Spells              Type           Power      Damage    Failure   Level
a - Magic Dart            Conj           100%       1d8       1%          1
b - Searing Ray           Conj           100%       2d8       1%          2
c - Iskenderun's Mystic   Conj/Tloc      81%        2d16      1%          4
d - Dazzling Flash        Conj/Hex       100%       N/A       1%          3
e - Fulminant Prism       Conj/Hex       36%        3d18      2%          4

Your spell library contained the following spells:

 Spells                   Type           Power      Damage    Failure   Level
 Shock                    Conj/Air       100%       1d9       1%          1
 Blink                    Tloc           100%       N/A       1%          2
 Momentum Strike          Conj/Tloc      100%       3d10      1%          2
 Lesser Beckoning         Tloc           100%       N/A       1%          3
 Mephitic Cloud           Conj/Pois/Air  55%        N/A       2%          3
 Beastly Appendage        Tmut           42%        N/A       3%          1
 Necrotise                Necr           84%        1d8       3%          1
 Wereblood                Tmut           21%        N/A       4%          2
 Spider Form              Tmut/Pois      21%        N/A       9%          3
 Vampiric Draining        Necr           21%        2d7       9%          3
 Freezing Cloud           Conj/Ice/Air   27%        6-21      21%         5
 Agony                    Necr           21%        N/A       63%         5
 Alistair's Intoxication  Tmut/Pois      14%        N/A       63%         5
 Death Channel            Necr           10%        N/A       99%         6
 Eringya's Noxious Bog    Tmut/Pois      10%        N/A       99%         6
 Chain Lightning          Conj/Air       33%        3d44      100%        9


Dungeon Overview and Level Annotations

Branches:
Dungeon (10/15)            Temple (0/1) D:4            Lair (0/5) D:9
  Sewer (visited)          Bailey (visited)
    Orc: D:9-12

Shops:
D:3 ?=!   D:9 [

Annotations:
D:10 Lodul


Innate Abilities, Weirdness & Mutations

You have a considerably increased reservoir of magic. (+20% MP)
You shall have no god before yourself.
Your divine heritage dramatically boosts your attributes as you level up.
Your mind is acute. (Int +4, Str/Dex -1)
Your muscles are strong. (Str +4, Int/Dex -1)


Message History

You kill the ogre!
You feel a bit more experienced.
Casting: Iskenderun's Mystic Blast (mildly dangerous; 1% risk of failure)
Confirm with . or Enter, or press ? or * to list all spells.
You feel a surge of power!
You erupt in a blast of force!
The mystic blast hits the ogre!!
The ogre is severely wounded.
The ogre is knocked back by the mystic blast.
The mystic blast hits Lodul.
Lodul is moderately wounded.
Lodul is knocked back by the mystic blast.
Found a +0 giant spiked club.
Lodul hits you with a +0 dire flail!
* * * LOW HITPOINT WARNING * * *
Things that are here:
a +0 giant club; an ogre corpse
Casting: Iskenderun's Mystic Blast (mildly dangerous; 1% risk of failure)
Confirm with . or Enter, or press ? or * to list all spells.
You feel a surge of power!
You erupt in a blast of force!
The mystic blast hits the ogre!!
The ogre is severely wounded.
The ogre is knocked back by the mystic blast.
The mystic blast hits the ogre!!
You kill the ogre!
The mystic blast hits Lodul!!
Lodul is severely wounded.
Lodul is knocked back by the mystic blast.
Lodul slams into the rock wall!
Lodul is severely wounded.
The mystic blast hits the ogre!!
You kill the ogre!
Casting: Iskenderun's Mystic Blast (mildly dangerous; 1% risk of failure)
Confirm with . or Enter, or press ? or * to list all spells.
You feel a surge of power!
You erupt in a blast of force!
The mystic blast hits the ogre.
The ogre is almost dead.
The ogre is knocked back by the mystic blast.
The mystic blast hits Lodul but does no damage.
Lodul is severely wounded.
Lodul hits you with a +0 dire flail!!
You die...

*,,,,,,* #.****,*
*******
#.**##,*###***,,,,,,
#.,,..,...,,,,,*****
#.#*.#.O#*******
#..,.#..# *
#..#.)),********** *
#..O)#*,**,,,,,,,* *
#.#@###.#*,,,,,,,***
#....)..#*,,,,,,,,,,
###.#####*,,,,,,,.[.
###.#### *,,,,,,,...
#......# *,,,,,,,#.#
#.#.##.# *,,,,,,,#.#
#.#.##.# ********#.#
#.#....# #.#
#<###..# #.#


You could see Lodul and an ogre.

Vanquished Creatures
  Erica (D:8)
  A two-headed ogre (D:10)
  Amaemon (D:8)
  Pikel (D:6)
  An orc knight (Bailey)
  A deep elf pyromancer (Bailey)
  Maurice (D:8)
  An orange demon (D:8)
  Maggie (D:8)
  A hornet (D:9)
  10 yaks
  A wraith (D:10)
  2 steam dragons (D:8)
  2 water moccasins
  10 orc warriors
  A sky beast (D:7)
  A black bear (D:5)
  2 ice beasts
  8 ogres (D:10)
  4 centaurs
  3 lemures (D:6)
  A phantom (D:6)
  3 bullfrogs
  2 gnoll sergeants
  2 scorpions (D:6)
  3 wights (D:7)
  5 killer bees (D:8)
  3 howler monkeys
  A quasit (D:7)
  3 hounds
  4 jellies
  A gnoll bouda (D:4)
  3 orc priests
  An iguana (D:7)
  8 orc wizards
  A hell rat (Sewer)
  16 gnolls
  2 adders (D:2)
  A river rat (Sewer)
  8 shadow imps (D:7)
  2 white imps
  2 ufetubi (D:7)
  3 dart slugs (D:1)
  46 orcs
  3 ball pythons
  8 endoplasms
  A giant cockroach (D:2)
  10 goblins
  6 hobgoblins
  3 jackals (D:1)
  6 quokkas
  3 bats
  A frilled lizard (D:2)
  9 kobolds
  15 rats
240 creatures vanquished.

Vanquished Creatures (others)
  3 demonic plants (D:7)
  7 fulminant prisms
10 creatures vanquished.

Grand Total: 250 creatures vanquished

Notes
Turn   | Place    | Note
-------+----------+-------------------------------------------
     0 | D:1      | KennySheep the Demigod Conjurer began the quest for the
                  | Orb.
     0 | D:1      | Reached XP level 1. HP: 14/14 MP: 5/5
   353 | D:1      | Reached XP level 2. HP: 20/20 MP: 0/7
   519 | D:1      | Reached skill level 4 in Conjurations
   638 | D:1      | Reached skill level 1 in Translocations
   850 | D:1      | Reached XP level 3. HP: 26/26 MP: 5/8
   913 | D:1      | Learned a level 2 spell: Searing Ray
  1383 | D:2      | Identified the +10 whip of Ravage {elec, Will+ Str+4 Dex+3
                  | Stlth+}
  2596 | D:3      | Found Golaropp's Jewellery Emporium.
  2640 | D:3      | Found Tunowu's Distillery.
  2799 | D:3      | Found Zizuric's Magic Scroll Shoppe.
  3028 | D:3      | Bought a scroll of magic mapping for 75 gold pieces
  3071 | D:4      | Reached XP level 4. HP: 30/33 MP: 8/10
  3079 | D:4      | Found a glowing drain.
  3083 | Sewer    | Entered a sewer
  3100 | Sewer    | Learned a level 4 spell: Iskenderun's Mystic Blast
  3535 | D:4      | Found a staircase to the Ecumenical Temple.
  3566 | D:4      | Reached skill level 1 in Fighting
  3566 | D:4      | Reached XP level 5. HP: 11/40 MP: 8/12
  3724 | D:4      | Reached skill level 5 in Conjurations
  4204 | D:4      | Identified the +9 spear of the Four Wars {spect, *Slow
                  | rPois rCorr SInv}
  4210 | D:4      | Gained mutation: Your muscles are strong. (Str +4, Int/Dex
                  | -1) [potion of mutation]
  4210 | D:4      | Gained mutation: You have a considerably increased
                  | reservoir of magic. (+20% MP) [potion of mutation]
  4210 | D:4      | Gained mutation: Your mind is acute. (Int +4, Str/Dex -1)
                  | [potion of mutation]
  4420 | D:5      | Entered Level 5 of the Dungeon
  4451 | D:5      | Noticed an orc warrior
  4563 | D:5      | Killed an orc warrior
  4564 | D:5      | Reached XP level 6. HP: 33/48 MP: 1/14
  4842 | D:5      | Reached XP level 7. HP: 54/55 MP: 16/16
  4926 | D:5      | Reached skill level 6 in Conjurations
  5544 | D:6      | Noticed Pikel
  5551 | D:6      | Killed Pikel
  5552 | D:6      | Reached skill level 7 in Conjurations
  5552 | D:6      | Reached XP level 8. HP: 41/63 MP: 1/19
  6630 | D:7      | Reached skill level 8 in Conjurations
  6643 | D:7      | Reached skill level 5 in Spellcasting
  6753 | D:7      | Identified the +4 short sword of Taadd {antimagic, Fly
                  | Will+ Dex-4 Stlth+}
  6825 | D:7      | Reached XP level 9. HP: 72/72 MP: 15/21
  7212 | D:7      | Reached skill level 5 in Translocations
  7697 | D:8      | Noticed Erica
  7703 | D:8      | Killed Erica
  7704 | D:8      | Reached skill level 5 in Fighting
  7704 | D:8      | Reached skill level 9 in Conjurations
  7721 | D:8      | Learned a level 3 spell: Dazzling Flash
  7726 | D:8      | Learned a level 4 spell: Fulminant Prism
  7905 | D:8      | Noticed Maggie
  7910 | D:8      | Killed Maggie
  8172 | D:8      | Reached skill level 1 in Hexes
  8426 | D:8      | Reached XP level 10. HP: 71/81 MP: 25/25
  8638 | D:8      | Found a runed translucent door.
  8759 | D:8      | Noticed Amaemon
  8768 | D:8      | Killed Amaemon
  8773 | D:8      | Noticed Maurice
  9094 | D:8      | Killed Maurice
  9592 | D:9      | Found a staircase to the Lair.
  9602 | D:9      | Found Vogasir's Armour Shop.
  9641 | D:9      | Reached skill level 10 in Conjurations
 10077 | D:10     | Entered Level 10 of the Dungeon
 10097 | D:10     | Noticed a two-headed ogre
 10104 | D:10     | Found a flagged portal.
 10108 | D:10     | Killed a two-headed ogre
 10124 | Bailey   | Entered a bailey
 10218 | Bailey   | Found a large runed translucent door.
 10218 | Bailey   | Found a large runed translucent door.
 10221 | Bailey   | Noticed a deep elf pyromancer
 10221 | Bailey   | Noticed an orc knight
 10263 | Bailey   | Killed an orc knight
 10264 | Bailey   | Reached skill level 5 in Dodging
 10264 | Bailey   | Reached XP level 11. HP: 38/90 MP: 10/29
 10539 | Bailey   | Killed a deep elf pyromancer
 10581 | Bailey   | Identified the ring of Weuh Jut {Fly rC++ Will-}
 10587 | Bailey   | Identified the amulet of Tiepsif {Spirit rPois}
 10590 | Bailey   | Got the Vellum of Lightning
 10594 | Bailey   | Got Qufi's Lectures on Morbid Reformation
 10980 | D:10     | Noticed Lodul
 10988 | D:10     | Slain by Lodul

Illustrated notes

Levels and vault maps discovered:
D:1:      dpeg_arrival_round_a, layout_loops_ring,
          shapermc_ecumenical_altar_petra
D:2:      layout_basic, basic_altar
D:3:      layout_loops_corners, serial_shops, shop, shop, nicolae_shop_stone
D:4:      layout_loops_ring, minmay_temple_entry_sparse_star,
          gup_sewer_entry_bowl, hex_medium, chequers_serial_rivers_marsh
D:5:      layout_loops_cross
D:6:      layout_rooms, uniq_pikel
D:7:      layout_basic, serial_demonic, serial_demonic_g, serial_demonic_b,
          serial_demonic_e, serial_demonic_d, serial_demonic_c, serial_demonic_d
D:8:      layout_loops_corners, grunt_temple_overflow_cloverleaf,
          lightli_church_of_beogh, uniq_maurice, uniq_amaemon, uniq_erica,
          uniq_maggie
D:9:      layout_roguey, dpeg_oklobed_lair, serial_shops, shop,
          grunt_decor_mini_mirrors
D:10:     layout_loops_cross, enter_bailey_2, uniq_lodul

Skill      XL: |  1  2  3  4  5  6  7  8  9 10 11 |
---------------+----------------------------------+-----
Spellcasting   | 2 3 4 5 6 7 8 |  8.1
Conjurations   | 4 5 7 8 9 10 | 10.5
Translocations | 1 2 3 4 5 |  5.3
Fighting       | 1 2 3 4 5 6 |  6.5
Dodging        | 2 3 5 |  5.2
Hexes          | 1 2 |  2.1
Stealth        | |  1.7

Action                   |  1- 3 |  4- 6 |  7- 9 | 10-12 || total
-------------------------+-------+-------+-------+-------++-------
Melee: Dagger            |    11 |       |       |       ||    11
       Unarmed           |     3 |       |       |       ||     3
       Whip              |     5 |    15 |    55 |    37 ||   112
       Punch             |       |       |     1 |       ||     1
 Cast: Magic Dart        |   100 |    40 |    26 |       ||   166
       Searing Ray       |       |    12 |    21 |       ||    33
       Iskenderun's Myst |       |     2 |    32 |    49 ||    83
       Fulminant Prism   |       |       |       |     7 ||     7
  Use: Scroll            |     8 |     4 |       |     7 ||    19
       Potion            |     1 |     5 |       |     2 ||     8
 Stab: Sleeping          |       |     1 |     2 |     1 ||     4
Armor: Robe              |     2 |     5 |    20 |    14 ||    41
Dodge: Dodged            |    14 |    17 |    59 |    46 ||   136

Table legend: (Time is in decaauts)
 A = Elapsed time spent in this place.
 B = Non-inter-level travel time spent in this place.
 C = Inter-level travel time spent in this place.
 D = Time resting spent in this place.
 E = Time spent auto-exploring this place.
 F = Levels seen in this place.
 G = Mean time per level.
                   A        B        C        D        E       F      G
               +--------+--------+--------+--------+--------+-----+--------+
         Total |  11018 |  10684 |    334 |   1751 |   7380 |  12 |  918.2 |
       Dungeon |  10239 |   9905 |    334 |   1478 |   7127 |  10 | 1023.9 |
         Sewer |    265 |    265 |      0 |     53 |    128 |   1 |  265.0 |
        Bailey |    513 |    513 |      0 |    220 |    125 |   1 |  513.0 |
               +--------+--------+--------+--------+--------+-----+--------+

Top non-repeatable levels by time:
     D:8: 1729 daAuts
     D:7: 1260 daAuts
     D:1: 1216 daAuts
     D:4: 1143 daAuts
     D:5: 1125 daAuts
     D:2: 996 daAuts
     D:6: 891 daAuts
     D:3: 820 daAuts
     D:9: 658 daAuts
  Bailey: 513 daAuts
    D:10: 397 daAuts
   Sewer: 265 daAuts
